 Dungeon Crawl Stone Soup version 0.31.0-7-gf635a9b802 (webtiles) character file.

Game seed: 1051458001389129729

35 solopath the Shield-Bearer (level 3, -4/36 HPs)
             Began as a Troll Fighter on Jan 24, 2024.
             Slain by a gnoll
             ... wielding a +0 halberd
              (8 damage)
             ... on level 2 of the Dungeon.
             The game lasted 00:01:13 (660 turns).

solopath the Shield-Bearer (Troll Fighter)           Turns: 660, Time: 00:01:13

Health: -4/36      AC:  4    Str: 24    XL:     3   Next: 16%
Magic:  2/2        EV:  9    Int:  4    God:
Gold:   57         SH:  8    Dex: 11    Spells: 2/2 levels left

rFire   . .          .
                       - Unarmed
rCold   . . .        b - +0 kite shield
rNeg    . . .        a - +0 robe
rPois   .            (helmet restricted)
rElec   .            (no cloak)
rCorr   .            (gloves unavailable)
SInv    .            (boots unavailable)
Will    .....        (no amulet)
Stlth   +            (no ring)
HPRegen 1.06/turn    (no ring)
MPRegen 0.08/turn

%: no passive effects
@: hasted, very quick
A: large, unfitting armour, claws 3, regeneration 1, shaggy fur 1, tough skin 1
a: no special abilities


You were on level 2 of the Dungeon.
You visited 1 branch of the dungeon, and saw 2 of its levels.

You collected 57 gold pieces.

Inventory:

Missiles
 j - 6 poisoned darts (quivered)
Armour
 a - a +0 robe (worn)
 b - a +0 kite shield (worn)
Scrolls
 e - 3 scrolls of identify {unknown}
 f - a scroll of teleportation {unknown}
 h - a scroll of blinking {unknown}
Potions
 c - a potion of might
 d - a potion of haste
 g - a potion of resistance {unknown}
 i - a potion of berserk rage {unknown}
 k - 2 potions of cancellation {unknown}


   Skills:
 + Level 2.7 Fighting
 - Level 2.4 Dodging
 + Level 3.0 Shields
 * Level 2.9 Unarmed Combat


You had 2 spell levels left.
You didn't know any spells.
Your spell library contained the following spells:

 Spells                   Type           Power      Damage    Failure   Level
 Dazzling Flash           Conj/Hex       0%         N/A       98%         3
 Mephitic Cloud           Conj/Alch/Air  0%         N/A       98%         3
 Curse of Agony           Necr           0%         N/A       100%        5
 Silence                  Hex/Air        0%         N/A       100%        5


Dungeon Overview and Level Annotations

Branches:
Dungeon (2/15)

Altars:

Shops:
D:1 ?

Annotations:
D:2 1 runed translucent door, Crazy Yiuf


Innate Abilities, Weirdness & Mutations

You are too large for most types of armour.
You have claws for hands.
Your natural rate of healing is unusually fast.
You are covered in fur. (AC +1)
You have tough skin. (AC +1)


Message History

You block the adder's attack. The adder barely misses you.
You barely miss the adder.
The adder is heavily wounded.
The adder barely misses you.
You barely miss the adder.
The adder is heavily wounded.
The adder closely misses you.
You scratch the adder.
The adder is almost dead.
The adder bites you.
You are poisoned.
The adder poisons you! The adder bites you but does no damage.
You barely miss the adder.
The adder is almost dead.
You feel sick. The adder barely misses you.
You claw the adder!
You kill the adder!
You feel sick.
You have reached level 3!
Your experience leads to an increase in your attributes!
Increase (S)trength, (I)ntelligence, or (D)exterity?
You feel agile. x2; You feel stronger.
Unknown command.
You scratch the frilled lizard.
You kill the frilled lizard!
You feel sick.
Unknown command.
You feel sick.
The gnoll hits you from afar with a +0 halberd!
You feel sick.
It was a potion of haste.
You feel yourself speed up.
You feel sick.
You feel sick.
You are no longer poisoned.
The gnoll closely misses you.
The gnoll hits you from afar with a +0 halberd!
Unknown command.
You closely miss the gnoll. The gnoll hits you with a +0 club!
* * * LOW HITPOINT WARNING * * *
The gnoll hits you from afar with a +0 halberd!
You die...

. ..# #.#.#
..#########.###.#.# #..
.....[........#.#.# #.#
.....gg.......#[#.## #.#
.......S.l.#.g..#.. #.#
...........##g#.#.# #.#
..........)##g#...####.#######
...........##g#........##.....
..?........##@#......>.##.....
#############.#.######.##.....
#.#....###(##.....
#.#.##.#....'.....
#.#.##.#.#.##.....
#.#.##.#.#........
#######.#.##.#.####.....
+.......†.##'#.####.....
#######.##..).....#.....


You could see 4 gnolls.

Vanquished Creatures
  An adder (D:2)
  4 ball pythons
  5 endoplasms
  A giant cockroach (D:2)
  3 goblins
  2 hobgoblins (D:1)
  2 quokkas
  2 frilled lizards
  A kobold (D:2)
  2 rats (D:1)
23 creatures vanquished.

Notes
Turn   | Place    | Note
-------+----------+-------------------------------------------
     0 | D:1      | solopath the Troll Fighter began the quest for the Orb.
     0 | D:1      | Reached XP level 1. HP: 22/22 MP: 0/0
   116 | D:1      | Found Vablolue's Magic Scroll Emporium.
   169 | D:1      | Reached XP level 2. HP: 28/29 MP: 1/1
   527 | D:2      | Found a runed translucent door.
   528 | D:2      | Noticed Crazy Yiuf
   648 | D:2      | Reached skill level 3 in Shields
   654 | D:2      | Reached XP level 3. HP: 33/36 MP: 2/2
   660 | D:2      | Slain by a gnoll

Illustrated notes

Levels and vault maps discovered:
D:1:      wander_arrival_lonely_grave, layout_rooms, serial_shops, shop_statue,
          kennysheep_flooded_box
D:2:      layout_basic, uniq_crazy_yiuf_cottage

Skill      XL: |  1  2 |
---------------+-------+-----
Shields        | 3 |  3.0
Fighting       | |  2.7
Dodging        | |  2.4
Unarmed Combat | |  2.9

Action                     || total
---------------------------++-------
  Melee: Unarmed           ||    53
    Use: Potion            ||     1
 Armour: Robe              ||    25
  Dodge: Dodged            ||    17
  Block: Kite shield       ||    11
